 Dungeon Crawl Stone Soup version 0.19.4-8-ga85b6b9 (webtiles) character file.

62 Kosschaser the Chopper (level 3, -1/33 HPs)
             Began as a Draconian Berserker on Feb 14, 2017.
             Was a Believer of Trog.
             Slain by a gnoll (8 damage)
             ... on level 2 of the Dungeon.
             The game lasted 00:06:16 (1386 turns).

Kosschaser the Chopper (Draconian Berserker)        Turns: 1386, Time: 00:06:17

Health: -1/33      AC:  6    Str: 20    XL:     3   Next: 85%
Magic:  3/3        EV:  7    Int:  7    God:    Trog [**....]
Gold:   211        SH:  0    Dex: 10    Spells: 0 memorised, 2 levels left

rFire  . . .     SeeInvis .     a - +0 hand axe
rCold  . . .     Gourm    .     (armour unavailable)
rNeg   . . .     Faith    .     (no shield)
rPois  .         Spirit   .     (helmet restricted)
rElec  .         Reflect  .     (no cloak)
rCorr  .         Harm     .     f - +0 pair of gloves
MR     .....                    (no boots)
Stlth  +.........               (no amulet)
                                (no ring)
                                (no ring)

@: held
A: unfitting armour, cold-blooded, AC +5
a: Berserk, Trog's Hand, Burn Spellbooks, Renounce Religion


You were on level 2 of the Dungeon.
You worshipped Trog.
Trog was pleased with you.
You were hungry.

You visited 1 branch of the dungeon, and saw 2 of its levels.

You collected 211 gold pieces.

Inventory:

Hand Weapons
 a - a +0 hand axe (weapon)
Armour
 f - a +0 pair of gloves (worn)
Jewellery
 l - a +3 ring of intelligence {unknown}
Wands
 n - a wand of teleportation (5/9)
Scrolls
 c - 4 scrolls of amnesia {unknown}
 d - 2 scrolls of random uselessness {unknown}
 g - 2 scrolls of identify {unknown}
 h - a scroll of recharging {unknown}
Potions
 e - 2 potions of curing {unknown}
 i - a potion of cancellation {unknown}
 j - a potion of brilliance {unknown}
 o - 2 potions of degeneration {unknown}
Comestibles
 b - a bread ration
 k - a slice of pizza
 m - a beef jerky


   Skills:
 + Level 3.8 Fighting
 + Level 4.0 Axes
 + Level 3.1 Dodging
 + Level 0.2 Stealth


You had 2 spell levels left.
You didn't know any spells.

Dungeon Overview and Level Annotations

Branches:
Dungeon (2/15)

Altars:
Gozag


Innate Abilities, Weirdness & Mutations

Your plain brown scales are hard. (AC +5)
You cannot fit into any form of body armour.
You are cold-blooded and may be slowed by cold attacks.


Message History

The gnoll hits you but does no damage.
You closely miss the gnoll.
Your tail-slap misses the gnoll.
The gnoll is heavily wounded.
The gnoll hits you but does no damage.
You hit the gnoll but do no damage. You tail-slap the gnoll.
The gnoll is severely wounded.
The gnoll closely misses you.
A gnoll comes into view. It is wielding a club.
The gnoll shouts!
You hit the gnoll.
You kill the gnoll!
Trog accepts your kill.
Your Axes skill increases to level 4!
The gnoll throws a throwing net.
The throwing net hits you.
You become entangled in the net!
You struggle against the net.
The gnoll hits you.
* * * LOW HITPOINT WARNING * * *
Okay, then.
You tear a large gash into the net.
The gnoll hits you!
You die...

##.####.###...
#..##.#..........
#....?#.#.####...
#.....# #.....##.
#.....# #.###.##.
#.....# #........
# #.....#
#.###.##.
#.#.#.##..)..#.#.
#. #.
.....gg@.....#.#
#. #.
#.#########....#
#. ......?..#.#
#. ########.# #
#. #.# ## #.# ..
#.###########
#............
#############


You could see 2 gnolls.

Vanquished Creatures
  2 gnolls (D:2)
  2 dart slugs (D:1)
  3 leopard geckos (D:1)
  A ball python (D:1)
  3 bats
  4 giant cockroaches
  6 hobgoblins
  A quokka (D:2)
  2 frilled lizards (D:1)
  4 goblins
  4 kobolds (D:1)
  A rat (D:2)
  2 fungi (D:1)
35 creatures vanquished.

Notes
Turn   | Place    | Note
-------+----------+-------------------------------------------
     0 | D:1      | Kosschaser the Draconian Berserker began the quest for the Orb.
     0 | D:1      | Reached XP level 1. HP: 19/19 MP: 1/1
   107 | D:1      | Reached XP level 2. HP: 3/26 MP: 2/2
   721 | D:1      | Reached XP level 3. HP: 28/33 MP: 3/3
   776 | D:1      | Reached ** piety under Trog
  1169 | D:2      | Found an opulent altar of Gozag.
  1384 | D:2      | Reached skill level 4 in Axes
  1386 | D:2      | Slain by a gnoll

Skill      XL: |  1  2  3 |
---------------+----------+-----
Dodging        | 3 |  3.1
Axes           | 4 |  4.0
Fighting       | |  3.8
Stealth        | |  0.2

Action                   || total
-------------------------++-------
Melee: Hand axe          ||   116
       Tailslap          ||    23
Invok: Berserk           ||     1
  Eat: Chunk             ||     2
Armor: Skin              ||    29
Dodge: Dodged            ||    53
